 Dungeon Crawl Stone Soup version 0.28.0 (webtiles) character file.

Game seed: 18006916555074280198

56 willcat the Sneak (level 3, 0/26 HPs)
             Began as an Octopode Delver on Feb 6, 2022.
             Slain by a white imp (1 damage)
             ... on level 5 of the Dungeon.
             The game lasted 00:00:36 (138 turns).

willcat the Sneak (Octopode Delver)                  Turns: 138, Time: 00:00:37

Health: 0/26       AC:  1    Str: 11    XL:     3   Next: 97%
Magic:  3/3        EV: 14    Int: 12    God:
Gold:   42         SH:  0    Dex: 15    Spells: 2/2 levels left

rFire   . . .      SeeInvis .   a - +0 short sword
rCold   . . .      Faith    .   (no shield)
rNeg    . . .      Spirit   .   (helmet restricted)
rPois   .          Reflect  .   (no amulet)
rElec   .          Harm     .   (no ring)
rCorr   .          Rampage  .   (no ring)
Will    .....                   (no ring)
Stlth   +++++.....              (no ring)
HPRegen 0.08/turn               (no ring)
MPRegen 0.08/turn               (no ring)
                                (no ring)
                                (no ring)

@: no status effects
A: almost no armour, amphibious, 8 rings, camouflage 1, gelatinous body 1,
(nimble swimmer 1), tentacles
a: no special abilities


You were on level 5 of the Dungeon.
You visited 1 branch of the dungeon, and saw 1 of its levels.

You collected 42 gold pieces.

Inventory:

Hand Weapons
 a - a +0 short sword (weapon)
Wands
 f - a wand of digging (3)
Scrolls
 b - a scroll of fog
 c - a scroll of magic mapping
 d - a scroll of fear
 g - a scroll of noise {unknown}
Potions
 e - a potion of haste


   Skills:
 - Level 3.0 Fighting
 + Level 2.8 Short Blades
 + Level 2.8 Dodging
 + Level 7.3 Stealth


You had 2 spell levels left.
You didn't know any spells.
Your spell library was empty.

Dungeon Overview and Level Annotations

Branches:
Dungeon (5/15)
 Temple: D:4-7

Altars:


Innate Abilities, Weirdness & Mutations

You cannot wear most types of armour.
You are amphibious.
You can wear up to eight rings at the same time.
Your skin changes colour to match your surroundings (Stealth+).
Your rubbery body absorbs attacks. (AC +1, EV +1)
((You are camouflaged when in or above water. (Stealth+)))
You have tentacles for arms and can constrict up to eight enemies at once.


Message History

A bullfrog skeleton comes into view.
You see here a scroll labelled FUGEPAUXAI.
g - a scroll labelled FUGEPAUXAI You hit the bullfrog skeleton.
Your grab misses the bullfrog skeleton. You squeeze the bullfrog skeleton.
The bullfrog skeleton is moderately damaged.
The bullfrog skeleton barely misses you.
The bullfrog skeleton hits you.
You hit the bullfrog skeleton but do no damage.
Your grab misses the bullfrog skeleton.
The bullfrog skeleton is moderately damaged.
The bullfrog skeleton hits you.
You hit the bullfrog skeleton. You grab the bullfrog skeleton.
You squeeze the bullfrog skeleton.
The bullfrog skeleton is moderately damaged.
You constrict the bullfrog skeleton, but do no damage.
The bullfrog skeleton hits you.
You hit the bullfrog skeleton.
The bullfrog skeleton is heavily damaged.
You constrict the bullfrog skeleton. The bullfrog skeleton hits you!
* * * LOW HITPOINT WARNING * * *
You hit the bullfrog skeleton. You squeeze the bullfrog skeleton.
You destroy the bullfrog skeleton!
You now have 28 gold pieces (gained 9).
You now have 42 gold pieces (gained 14).
A white imp comes into view.
The white imp shouts, "Scamper home, thou qualling fob-snatching wagtail!"
You hit the white imp. You grab the white imp.
You squeeze the white imp, but do no damage.
The white imp is lightly wounded.
You constrict the white imp, but do no damage.
The white imp hits you.
* * * LOW HITPOINT WARNING * * *
The white imp freezes you.
* * * LOW HITPOINT WARNING * * *
Okay, then.
You hit the white imp. You squeeze the white imp.
The white imp is severely wounded.
You constrict the white imp. The white imp hits you.
You die...

#.##.# #.##.# #.##.#
############
###..#.####..........###
.......................
####...###...........#
##..###...........###
#...................
#.####......@5...# #..
#...........# ...
#...........# ##.#
#.########### #.# #.#
#..##.## ...... ..#.#
#.#.#


You could see a white imp.

Vanquished Creatures
  A bullfrog skeleton (D:5)
  An iguana (D:5)
  A worm (D:5)
3 creatures vanquished.

Notes
Turn   | Place    | Note
-------+----------+-------------------------------------------
     0 | D:5      | willcat the Octopode Delver began the quest for the Orb.
     0 | D:5      | Reached XP level 1. HP: 16/16 MP: 1/1
    25 | D:5      | Noticed an iguana
    31 | D:5      | Killed an iguana
    32 | D:5      | Reached skill level 7 in Stealth
    32 | D:5      | Reached XP level 2. HP: 21/21 MP: 2/2
    32 | D:5      | Reached XP level 3. HP: 26/26 MP: 3/3
   137 | D:5      | HP: 1/26 [white imp (3)]
   138 | D:5      | Slain by a white imp

Illustrated notes

Levels and vault maps discovered:
D:5:      layout_basic, enter_ossuary_4, uniq_ijyb, uniq_sigmund

Skill      XL: |  1 |
---------------+----+-----
Stealth        | 7 |  7.3
Fighting       | |  3.0
Short Blades   | |  2.8
Dodging        | |  2.8

Action                   || total
-------------------------++-------
Melee: Short sword       ||    12
       Tentacles         ||     7
       Constrict         ||     4
       Punch             ||     2
 Stab: Sleeping          ||     1
Dodge: Dodged            ||     4
